 Dungeon Crawl Stone Soup version 0.22-a0-423-g4197694 (webtiles) character file.

6500 Veiltonx the Thaumaturge (level 10, 0/60 HPs)
             Began as a Deep Elf Conjurer on May 23, 2018.
             Was a Believer of Vehumet.
             Killed from afar by a gargoyle (31 damage)
             ... with a stone arrow
             ... on level 10 of the Dungeon.
             The game lasted 00:59:00 (11766 turns).

Veiltonx the Thaumaturge (Deep Elf Conjurer)       Turns: 11766, Time: 00:59:01

Health: 0/60       AC:  9    Str:  5    XL:     10   Next: 69%
Magic:  1/25       EV: 13    Int: 24    God:    Vehumet [**....]
Gold:   650        SH:  0    Dex: 20    Spells: 11/28 levels left

rFire    + . .     SeeInvis .   i - +3 quarterstaff (chaos)
rCold    + . .     Gourm    +   (shield currently unavailable)
rNeg     . . .     Faith    .   a - +0 acid dragon scales
rPois    .         Spirit   .   (no helmet)
rElec    .         Reflect  .   H - scarf {rC+ rF+}
rCorr    +         Harm     .   B - +1 pair of gloves
MR       ++...                  (no boots)
Stlth    ++........             j - amulet of the gourmand
HPRegen  0.20/turn              x - ring of protection from magic
MPRegen  0.19/turn              J - +5 ring of dexterity

@: marked
A: no striking features
a: Renounce Religion


You were on level 10 of the Dungeon.
You worshipped Vehumet.
Vehumet was pleased with you.
You were very full.

You visited 2 branches of the dungeon, and saw 11 of its levels.

You collected 650 gold pieces.

Inventory:

Hand Weapons
 f - a +2 dagger of venom
 i - a +3 quarterstaff of chaos (weapon)
 p - a +2 whip of draining
 u - the cursed +1 dagger of the Silent Majority {venom, *Contam rPois rF+}
   (You found it on level 6 of the Dungeon)

   It poisons the flesh of those it strikes.
   It protects you from fire.
   It protects you from poison.
   It causes magical contamination when unequipped.
   It has a curse placed upon it.
 y - a +3 mace of draining
Armour
 a - +0 acid dragon scales (worn)
 b - a +2 cloak
 d - a +0 pair of gloves
 e - a +0 leather armour
 B - a +1 pair of gloves (worn)
 H - a scarf of resistance (worn)
Magical Staves
 F - an uncursed staff of air
Jewellery
 j - an amulet of the gourmand (around neck)
 x - a ring of protection from magic (left hand)
 J - a +5 ring of dexterity (right hand)
Wands
 D - a wand of acid (4)
 E - a wand of flame (22)
Scrolls
 g - 2 scrolls of amnesia
 h - 4 scrolls of fear
 l - 6 scrolls of magic mapping
 o - 2 scrolls of vulnerability
 q - 2 scrolls of noise
 s - a scroll of fog
 t - a scroll of blinking
 w - a scroll of summoning
 A - a scroll of teleportation
 G - a scroll of silence
Potions
 k - 6 potions of curing
 m - a potion of flight
 n - a potion of agility
 r - a potion of resistance
 z - 2 potions of haste
 C - a potion of heal wounds
 I - a potion of brilliance
Miscellaneous
 v - a phial of floods
Comestibles
 c - 27 rations


   Skills:
 + Level 5.8 Fighting
 - Level 5.0 Staves
 - Level 4.0 Armour
 + Level 4.8 Dodging
 - Level 3.0 Stealth
 + Level 9.8 Spellcasting
 + Level 8.9 Conjurations
 - Level 6.0 Hexes
 - Level 5.0 Charms
 - Level 4.0 Necromancy


You had 11 spell levels left.
You knew the following spells:

 Your Spells              Type           Power        Failure   Level  Hunger
a - Magic Dart            Conj           ####         1%          1    None
b - Searing Ray           Conj           ######       1%          2    None
c - Dazzling Spray        Conj/Hex       #####.       1%          3    None
d - Iskenderun's Mystic   Conj           ######..     2%          4    #......
e - Fulminant Prism       Conj/Hex       #####.....   4%          4    #......
f - Regeneration          Chrm/Necr      ####......   4%          3    None

Your spell library contained the following spells:

 Spells                   Type           Power        Failure   Level  Hunger
 Animate Dead             Necr           N/A          22%         4    #......
 Pain                     Necr           ####         2%          1    None
 Animate Skeleton         Necr           N/A          2%          1    None
 Vampiric Draining        Necr           ####......   6%          3    None
 Force Lance              Conj/Tloc      ####....     17%         4    #......


Dungeon Overview and Level Annotations

Branches:
Dungeon (10/15)            Temple (1/1) D:6            Lair (0/6) D:8
    Orc (0/2) D:9

Altars:
Ashenzari
Cheibriados
Dithmenos
Elyvilon
Fedhas
Gozag
Hepliaklqana
Kikubaaqudgha
Makhleb
Nemelex Xobeh
Okawaru
Qazlal
Ru
Sif Muna
Trog
Uskayaw
Vehumet
Wu Jian
Xom
Yredelemnul
Zin
The Shining One

Shops:
D:7 !


Message History

The spray of energy hits the gargoyle.
The gargoyle is severely damaged.
The gargoyle hurls a stone arrow at you.
The stone arrow hits you!
Casting: Dazzling Spray (safe; 1% risk of failure)
Confirm with . or Enter, or press ? or * to list all spells.
Aiming: Magic Dart (safe; 1% risk of failure)
Press: ? - help, Shift-Dir - straight line, f/p - gargoyle
Aim: a gargoyle, wielding a flail of holy wrath (severely damaged)
The magic dart hits the gargoyle.
The gargoyle is severely damaged.
You barely miss the gargoyle.
The gargoyle is severely damaged.
The gargoyle hits you with a flail of holy wrath!
You hit the gargoyle.
The gargoyle is severely damaged.
The gargoyle hurls a stone arrow at you.
The stone arrow hits you!
Ouch! That really hurt!
You die...

#..#....#
##.##.###
#..# #
##.## #..#
#. ##.##
#...
#..##.....
##9.....#
#@...###
#..###
#.(..
.####.. #
##


You could see a gargoyle.

Vanquished Creatures
  A two-headed ogre (D:8)
  A komodo dragon (D:8)
  Grinder (D:5)
  3 wyverns
  7 yaks
  2 hungry ghosts (D:9)
  An acid dragon (D:8)
  A sky beast (D:8)
  A black bear (D:7)
  An ogre (D:9)
  An ice beast (D:5)
  4 phantoms
  The ghost of Ratty the Ruffian, an amateur DrTm (D:6)
  A centaur (D:5)
  3 crocodiles (D:8)
  6 big kobolds
  2 bullfrogs (D:7)
  2 gnoll sergeants
  3 scorpions
  2 troll zombies (D:9)
  3 wights (D:6)
  2 howler monkeys
  A crimson imp (D:9)
  2 bullfrog zombies
  4 orc priests
  5 hounds
  A quasit (D:8)
  4 iguanas
  Crazy Yiuf (D:2)
  8 orc wizards
  10 worker ants
  4 ogre zombies (D:9)
  A hound zombie (D:6)
  A hound skeleton (D:9)
  A worker ant zombie (D:7)
  8 adders
  14 gnolls
  A shadow imp (D:5)
  2 adder skeletons
  An adder zombie (D:9)
  A worm (D:3)
  4 dart slugs
  11 leopard geckos
  25 orcs
  7 bats
  6 giant cockroaches
  7 goblins
  12 hobgoblins
  5 jackals
  3 quokkas
  3 ball pythons
  4 frilled lizards
  A goblin skeleton (D:9)
  3 goblin zombies (D:9)
  A hobgoblin skeleton (D:9)
  2 hobgoblin zombies (D:9)
  A jackal zombie (D:5)
  43 kobolds
  An orc skeleton (D:9)
  11 orc zombies (D:9)
  3 rats
  A plant (D:8)
273 creatures vanquished.

Vanquished Creatures (others)
  48 fulminant prisms
48 creatures vanquished.

Grand Total: 321 creatures vanquished

Notes
Turn   | Place    | Note
-------+----------+-------------------------------------------
     0 | D:1      | Veiltonx the Deep Elf Conjurer began the quest for the Orb.
     0 | D:1      | Reached XP level 1. HP: 10/10 MP: 6/6
   190 | D:1      | Reached XP level 2. HP: 13/15 MP: 5/8
   194 | D:1      | Learned a level 2 spell: Searing Ray
   784 | D:2      | Reached XP level 3. HP: 19/19 MP: 3/10
   873 | D:2      | Learned a level 3 spell: Dazzling Spray
   989 | D:2      | Reached skill level 1 in Hexes
  1000 | D:2      | Reached skill level 1 in Fighting
  1000 | D:2      | Reached XP level 4. HP: 21/25 MP: 0/11
  1259 | D:2      | Found a runed door.
  1263 | D:2      | Noticed Crazy Yiuf
  1267 | D:2      | Killed Crazy Yiuf
  1267 | D:2      | Reached skill level 4 in Spellcasting
  1267 | D:2      | Reached skill level 5 in Conjurations
  1655 | D:3      | Learned a level 4 spell: Iskenderun's Mystic Blast
  1672 | D:3      | Reached XP level 5. HP: 29/29 MP: 7/13
  2005 | D:3      | Found an iron altar of Okawaru.
  2748 | D:3      | Reached skill level 5 in Spellcasting
  2748 | D:3      | Reached XP level 6. HP: 35/35 MP: 4/15
  3248 | D:3      | Reached XP level 7. HP: 39/40 MP: 1/17
  3279 | D:3      | Reached skill level 6 in Spellcasting
  4083 | D:4      | Learned a level 4 spell: Fulminant Prism
  4160 | D:4      | Reached skill level 5 in Hexes
  4635 | D:4      | Reached XP level 8. HP: 46/46 MP: 16/20
  4862 | D:5      | Entered Level 5 of the Dungeon
  4910 | D:5      | Found a stormy altar of Qazlal.
  4951 | D:5      | Reached skill level 7 in Spellcasting
  5002 | D:5      | Found a hide-covered altar of Uskayaw.
  5128 | D:5      | Found a sacrificial altar of Ru.
  5303 | D:5      | Reached skill level 1 in Armour
  5350 | D:5      | Noticed Grinder
  5361 | D:5      | Killed Grinder
  5564 | D:5      | Found a deep blue altar of Sif Muna.
  5627 | D:5      | Reached skill level 8 in Spellcasting
  6015 | D:6      | Got a smoking dagger
  6019 | D:6      | Identified the cursed +1 dagger of the Silent Majority {venom, *Contam rPois rF+} (You found it on level 6 of the Dungeon)
  6092 | D:6      | Found an ancient bone altar of Kikubaaqudgha.
  6119 | D:6      | Reached XP level 9. HP: 52/52 MP: 14/23
  6215 | D:6      | Noticed Ratty's ghost (amateur DrTm)
  6226 | D:6      | Killed Ratty's ghost
  6226 | D:6      | Reached skill level 1 in Staves
  6404 | D:6      | Found a shimmering altar of Xom.
  6408 | D:6      | Found a shimmering altar of Xom.
  6408 | D:6      | Found a shimmering altar of Xom.
  6409 | D:6      | Found a shimmering altar of Xom.
  6411 | D:6      | Found a shimmering altar of Xom.
  6412 | D:6      | Found a shimmering altar of Xom.
  6412 | D:6      | Found a shimmering altar of Xom.
  6719 | D:6      | Found a staircase to the Ecumenical Temple.
  6725 | Temple   | Entered the Ecumenical Temple
  6834 | Temple   | Became a worshipper of Vehumet
  7442 | D:7      | Found Munt's Distillery.
  7597 | D:7      | Learned a level 3 spell: Regeneration
  7613 | D:7      | Found a basalt altar of Yredelemnul.
  7898 | D:7      | Reached skill level 5 in Fighting
  7898 | D:7      | Reached skill level 1 in Charms
  7898 | D:7      | Reached skill level 1 in Necromancy
  8154 | D:7      | Found a sacrificial altar of Ru.
  8545 | D:8      | Noticed a two-headed ogre
  8567 | D:8      | Killed a two-headed ogre
  8740 | D:8      | Noticed a komodo dragon
  8749 | D:8      | Killed a komodo dragon
  8749 | D:8      | Reached XP level 10. HP: 34/59 MP: 9/24
  8911 | D:8      | Reached skill level 9 in Spellcasting
  8911 | D:8      | Reached skill level 5 in Charms
  9394 | D:8      | Found a staircase to the Lair.
 10200 | D:9      | Found a white marble altar of Elyvilon.
 10203 | D:9      | Found a glowing golden altar of the Shining One.
 10203 | D:9      | Found a snail-covered altar of Cheibriados.
 10244 | D:9      | Reached * piety under Vehumet
 10244 | D:9      | Offered knowledge of Shock by Vehumet.
 10812 | D:9      | Found a staircase to the Orcish Mines.
 10831 | D:9      | Offered knowledge of Throw Flame by Vehumet.
 10835 | D:9      | Reached ** piety under Vehumet
 11622 | D:10     | Entered Level 10 of the Dungeon
 11643 | D:10     | Reached skill level 5 in Staves
 11745 | D:10     | Noticed a gargoyle
 11766 | D:10     | Killed from afar by a gargoyle

Vault maps used:
D:1:      dpeg_arrival_boxes_within_box
D:2:      uniq_crazy_yiuf_cottage
D:3:      minmay_goblin_kobold_castle, okawaru_trees_1
D:4:      st_stairs_3
D:5:      nicolae_overflow_crystal_walls, nicolae_overflow_hidden_temple,
          overflow_temple_1_default, first_ration, lemuel_blue_sif_altar,
          uniq_grinder
D:6:      kennysheep_mini, temple_green, nicolae_xom_altar_mimics
D:7:      kennysheep_little_box, serial_shops, shop,
          nicolae_ru_the_path_less_chosen
D:8:      erik_lair_dragon, blue_anna_alchemist, minmay_lizard_king
D:9:      grunt_temple_overflow_open, zombieorc1_lemuel,
          corexii_leaking_fountain
Temple:   minmay_temple_forest_path

Skill      XL: |  1  2  3  4  5  6  7  8  9 10 |
---------------+-------------------------------+-----
Dodging        | 3 4 |  4.8
Stealth        | 3 |  3.0
Hexes          | 1 2 3 4 5 6 |  6.0
Fighting       | 1 2 3 4 5 |  5.8
Spellcasting   | 4 5 6 8 9 |  9.8
Conjurations   | 5 6 7 8 |  8.9
Armour         | 2 3 4 |  4.0
Staves         | 3 5 |  5.0
Charms         | 4 5 |  5.0
Necromancy     | 4 |  4.0

Action                   |  1- 3 |  4- 6 |  7- 9 | 10-12 || total
-------------------------+-------+-------+-------+-------++-------
Melee: Unarmed           |    21 |       |       |       ||    21
       Dagger            |    12 |     2 |     1 |       ||    15
       Quarterstaff      |       |    70 |    81 |   108 ||   259
 Cast: Magic Dart        |    47 |   118 |   158 |    80 ||   403
       Searing Ray       |     2 |     8 |    10 |     2 ||    22
       Iskenderun's Myst |       |     4 |     1 |     5 ||    10
       Dazzling Spray    |       |       |    23 |    14 ||    37
       Fulminant Prism   |       |       |    21 |    27 ||    48
  Use: Scroll            |       |     5 |    19 |     5 ||    29
       Potion            |       |       |       |     1 ||     1
 Stab: Paralysed         |       |     3 |       |       ||     3
       Petrified         |       |       |     3 |       ||     3
       Petrifying        |       |       |     1 |       ||     1
       Invisible         |       |       |     1 |       ||     1
  Eat: Chunk             |       |     7 |    19 |    23 ||    49
       Ration            |       |       |     2 |       ||     2
Armor: Robe              |     8 |    26 |    18 |       ||    52
       Leather armour    |       |       |     9 |     4 ||    13
       Acid dragon scale |       |       |       |    30 ||    30
Dodge: Dodged            |    29 |    77 |    75 |    78 ||   259

Table legend:
 A = Spawn XP
 B = Non-spawn XP
 C = Spawn XP percentage of total XP
 D = Spawn monster count
 E = Non-spawn monster count
 F = Spawn count percentage of total count
 G = Total turns spent on level
                    A         B        C        D         E        F      G
               +---------+---------+-------+---------+---------+-------+---------
         Total |       0 |    9286 |   0.0 |       0 |     272 |   0.0 | 11766
               +---------+---------+-------+---------+---------+-------+---------
           D:1 |       0 |      35 |   0.0 |       0 |      15 |   0.0 |   776
           D:2 |       0 |     156 |   0.0 |       0 |      26 |   0.0 |   974
           D:3 |       0 |     909 |   0.0 |       0 |      83 |   0.0 |  2244
           D:4 |       0 |     360 |   0.0 |       0 |      15 |   0.0 |   868
           D:5 |       0 |    1073 |   0.0 |       0 |      24 |   0.0 |  1054
           D:6 |       0 |     486 |   0.0 |       0 |      11 |   0.0 |   830
           D:7 |       0 |     729 |   0.0 |       0 |      17 |   0.0 |  1089
           D:8 |       0 |    2757 |   0.0 |       0 |      27 |   0.0 |  1980
           D:9 |       0 |    2175 |   0.0 |       0 |      48 |   0.0 |  1447
          D:10 |       0 |     606 |   0.0 |       0 |       6 |   0.0 |   144
               +---------+---------+-------+---------+---------+-------+---------
